 Dungeon Crawl Stone Soup version 0.20.1-1-g8b1a95d (webtiles) character file.

422 Fisto the Cudgeler (level 6, -12/84 HPs)
             Began as a Minotaur Fighter on Nov 5, 2017.
             Was an Initiate of Ru.
             Killed from afar by a sky beast (14 damage)
             ... with an exploding inner flame
             ... hexed by the player character
             ... on level 5 of the Dungeon.
             The game lasted 00:34:59 (3376 turns).

Fisto the Cudgeler (Minotaur Fighter)               Turns: 3376, Time: 00:34:59

Health: -12/84     AC: 23    Str: 27 (28) XL:     6   Next: 63%
Magic:  5/5        EV:  2    Int:  5      God:    Ru [......]
Gold:   134        SH: 10    Dex:  7 (9)  Spells: 5/5 levels left

rFire    . . .     SeeInvis .   a - +0 flail
rCold    . . .     Gourm    .   c - +0 shield
rNeg     + + +     Faith    .   (armour currently unavailable)
rPois    +         Spirit   .   (helmet unavailable)
rElec    .         Reflect  .   (cloak currently unavailable)
rCorr    .         Harm     .   (gloves currently unavailable)
MR       .....     NoTele   +   (boots currently unavailable)
Stlth    +.........             (no amulet)
Regen    0.3/turn               (no ring)
MPRegen  0.1/turn               (no ring)

@: mighty, tree-form
A: (retaliatory headbutt), wild magic 1, evolution 1
a: Sacrifice Purity, Sacrifice Love, Sacrifice Durability, Reject Sacrifices,
Renounce Religion


You were on level 5 of the Dungeon.
You worshipped Ru.
Ru was noncommittal.
You were not hungry.
You were a tree.
You visited 1 branch of the dungeon, and saw 5 of its levels.

You collected 134 gold pieces.

Inventory:

Hand Weapons
 a - a +0 flail (weapon)
 h - a +0 great sword
 l - a +0 whip of draining
Missiles
 r - 6 tomahawks (quivered)
Armour
 c - a +0 shield (worn)
 k - a +0 chain mail (melded)
 m - a +1 pair of gloves (melded)
Jewellery
 o - an uncursed ring of stealth
Wands
 t - a wand of paralysis (15/24)
Scrolls
 b - a scroll of remove curse
 j - 6 scrolls of enchant weapon
Potions
 d - a potion of might
 g - a potion of curing
Books
 i - a book of Misfortune

   Spells                             Type                      Level
   a - Confusing Touch                Hexes                        1
   b - Confuse                        Hexes                        3
   c - Gell's Gravitas                Translocation                3
   d - Petrify                        Transmutation/Earth          4
   e - Metabolic Englaciation         Hexes/Ice                    5
   f - Yara's Violent Unravelling     Hexes/Transmutation          5


   Skills:
 + Level 5.0 Fighting
 + Level 5.9 Maces & Flails
 + Level 4.6 Armour
 - Level 0.2 Dodging
 + Level 5.6 Shields


You had 5 spell levels left.
You didn't know any spells.

Dungeon Overview and Level Annotations

Branches:
Dungeon (5/15)
 Temple: D:4-7

Altars:
Ashenzari
Makhleb
Nemelex Xobeh
Ru
Sif Muna


Innate Abilities, Weirdness & Mutations

((You reflexively headbutt those who attack you in melee.))
((You have a pair of large horns on your head.))
Your spells are a little harder to cast, but a little more powerful.
You evolve.


Message History

Deactivating autopickup; reactivate with Ctrl-A.
Something hits you but does no damage.
You closely miss something. Something hits you but does no damage.
You miss something. Something hits you.
* * * LOW HITPOINT WARNING * * *
Something shocks you.
* * * LOW HITPOINT WARNING * * *
As you read the scroll labeled APHAUS UTTOCW, it crumbles to dust.
It is a scroll of amnesia.
You feel forgetful for a moment. Something hits you but does no damage.
You miss something. Something hits you but does no damage.
You miss something. Something hits you but does no damage. Something hits you.
* * * LOW HITPOINT WARNING * * *
Something shocks you.
* * * LOW HITPOINT WARNING * * *
You sock something! Something hits you but does no damage.
Something completely misses you.
You bludgeon something!! The fiery explosion engulfs you!
You die...

###############
#......♣§......
#.#############
#.##.# #....#
####.# #.# #.#
#.# #.#


There were no monsters in sight!

Vanquished Creatures
  Menkaure (D:4)
  A howler monkey (D:4)
  3 orc wizards (D:4)
  Natasha (D:2)
  Robin (D:4)
  3 adders
  2 oozes (D:1)
  An adder skeleton (D:4)
  3 worms (D:3)
  8 dart slugs
  3 leopard geckos (D:4)
  5 orcs (D:4)
  8 bats
  4 giant cockroaches
  12 goblins
  7 hobgoblins
  4 jackals (D:1)
  4 kobolds
  3 frilled lizards
  5 rats
79 creatures vanquished.

Notes
Turn   | Place    | Note
-------+----------+-------------------------------------------
     0 | D:1      | Fisto the Minotaur Fighter began the quest for the Orb.
     0 | D:1      | Reached XP level 1. HP: 19/19 MP: 0/0
   174 | D:1      | Reached XP level 2. HP: 27/27 MP: 1/1
   439 | D:1      | Reached XP level 3. HP: 33/33 MP: 2/2
  1367 | D:2      | Reached XP level 4. HP: 41/41 MP: 3/3
  1621 | D:2      | Found a sacrificial altar of Ru.
  1633 | D:2      | Became a worshipper of Ru the Awakened
  1658 | D:2      | Noticed Natasha
  1663 | D:2      | Killed Natasha
  1850 | D:3      | Gained mutation: You have a pair of large horns on your head. [potion of mutation]
  1850 | D:3      | Gained mutation: Your spells are a little harder to cast, but a little more powerful. [potion of mutation]
  1850 | D:3      | Gained mutation: You evolve. [potion of mutation]
  2059 | D:3      | Found a sparkling altar of Nemelex Xobeh.
  2117 | D:3      | Found a shattered altar of Ashenzari.
  2117 | D:3      | Found a burning altar of Makhleb.
  2133 | D:3      | Found a deep blue altar of Sif Muna.
  2621 | D:4      | Noticed Menkaure
  2632 | D:4      | Killed Menkaure
  2632 | D:4      | Reached skill level 5 in Maces & Flails
  2632 | D:4      | Reached skill level 5 in Shields
  2632 | D:4      | Reached XP level 5. HP: 23/47 MP: 4/4
  2809 | D:4      | Noticed Robin
  2830 | D:4      | Reached XP level 6. HP: 44/53 MP: 5/5
  3066 | D:4      | Killed Robin
  3180 | D:4      | Noticed a hungry ghost
  3181 | D:4      | Reached skill level 5 in Fighting
  3259 | D:5      | Entered Level 5 of the Dungeon
  3348 | D:5      | Noticed a sky beast
  3374 | D:5      | HP: 2/84 [something (5)]
  3376 | D:5      | Killed a sky beast
  3376 | D:5      | Killed from afar by a sky beast

Skill      XL: |  1  2  3  4  5  6 |
---------------+-------------------+-----
Fighting       | 4 5 |  5.0
Shields        | 4 5 |  5.6
Maces & Flails | 3 5 |  5.9
Armour         | 4 |  4.6
Dodging        | |  0.2

Action                   |  1- 3 |  4- 6 || total
-------------------------+-------+-------++-------
Melee: Flail             |    43 |   181 ||   224
       Headbutt          |     6 |    17 ||    23
       Whip              |    41 |    20 ||    61
  Use: Scroll            |       |    10 ||    10
       Potion            |       |     7 ||     7
  Eat: Meat ration       |     1 |     1 ||     2
       Bread ration      |       |     3 ||     3
       Fruit             |       |     3 ||     3
Armor: Scale mail        |    47 |     6 ||    53
       Chain mail        |       |    66 ||    66
       Skin              |       |    15 ||    15
Dodge: Dodged            |    30 |    47 ||    77
Block: Shield            |    53 |    82 ||   135
